 Dungeon Crawl Stone Soup version 0.30-a0-23-ge60ba3568b (webtiles) character file.

Game seed: 14299653196708473305

3227 Newt the Chopper (level 9, -8/62 HPs)
             Began as a Demonspawn Gladiator on Aug 24, 2022.
             Was a Believer of Hepliaklqana.
             Mangled by an orc warrior
             ... wielding a +0 glaive
              (28 damage)
             ... in a bailey.
             The game lasted 00:20:05 (9287 turns).

Newt the Chopper (Demonspawn Gladiator)             Turns: 9287, Time: 00:20:06

Health: -8/62      AC: 19    Str: 19    XL:     9   Next: 66%
Magic:  9/9        EV: 11    Int: 12    God:    Hepliaklqana [**....]
Gold:   363        SH:  9    Dex: 15    Spells: 8/8 levels left

rFire   . . .      SeeInvis .    S - +6 broad axe "Emmeriem" {venom, rElec rN+ Int+3}
rCold   . . .      Faith    .    N - +0 kite shield
rNeg    + . .      Spirit   .    o - +0 chain mail
rPois   +          Reflect  .    (helmet restricted)
rElec   +          Harm     .    x - +1 cloak {rPois}
rCorr   .          Rampage  .    h - +0 pair of gloves
Will    .....                    (no boots)
Stlth   ..........               (no amulet)
HPRegen 0.20/turn                j - +4 ring of protection
MPRegen 0.11/turn                H - +4 ring of evasion

@: no status effects
A: reduced essence, antennae 1, molten scales 2, powered by death 1, talons 1,
MP-powered wands
a: Renounce Religion, Recall Ancestor, Ancestor Identity


You were in a bailey.
You worshipped Hepliaklqana.
Hepliaklqana was pleased with you.
You visited 1 branch of the dungeon, and saw 7 of its levels.
You also visited: Sewer and Bailey.

You collected 363 gold pieces.

Inventory:

Hand Weapons
 a - a +0 rapier
 p - a +0 sling
 r - a +1 vampiric dagger
 v - a +1 hand axe of flaming
 y - a +0 war axe
 P - a +0 vampiric battleaxe
 S - the +6 broad axe "Emmeriem" (weapon) {venom, rElec rN+ Int+3}
   (You acquired it in a bailey)

   It poisons the flesh of those it strikes.
   Int:       It affects your intelligence (+3).
   rElec:     It insulates you from electricity.
   rN:        It protects you from negative energy.
Missiles
 d - a throwing net (quivered)
 e - a javelin
 g - 2 poisoned darts
 I - 3 boomerangs
Armour
 b - a +0 leather armour
 c - a +0 helmet
 f - a +0 cloak
 h - a +0 pair of gloves (worn)
 o - a +0 chain mail (worn)
 x - a +1 cloak of poison resistance (worn)
 K - a +0 pair of boots
 N - a +0 kite shield (worn)
Jewellery
 j - a +4 ring of protection (left hand)
 H - a +4 ring of evasion (right hand)
 L - a +4 ring of protection
 M - an amulet of guardian spirit
Wands
 A - a wand of flame (38)
Scrolls
 k - 2 scrolls of noise
 u - 2 scrolls of immolation
 B - 4 scrolls of poison
 F - a scroll of enchant armour {unknown}
 J - a scroll of amnesia {unknown}
 O - a scroll of enchant weapon {unknown}
 Q - a scroll of identify
 R - 3 scrolls of butterflies
Potions
 i - 2 potions of brilliance
 l - 5 potions of curing
 m - a potion of flight
 n - a potion of resistance {unknown}
 q - 2 potions of magic
 s - 2 potions of degeneration
 w - 3 potions of haste {unknown}
 z - 6 potions of heal wounds
 C - a potion of attraction {unknown}
 D - a potion of invisibility {unknown}
 E - a potion of ambrosia {unknown}
Miscellaneous
 G - a piece from Xom's chessboard (15/15)


   Skills:
 - Level 6.0 Fighting
 - Level 4.0 Short Blades
 - Level 6.0 Axes
 - Level 4.0 Throwing
 + Level 3.5 Armour
 - Level 4.0 Dodging
 - Level 2.0 Stealth
 - Level 5.0 Shields
 - Level 4.0 Evocations


You had 8 spell levels left.
You didn't know any spells.
Your spell library contained the following spells:

 Spells                   Type           Power      Damage    Failure   Level
 Slow                     Hex            0%         N/A       100%        1
 Confusing Touch          Hex            0%         N/A       100%        3
 Ozocubu's Armour         Ice            0%         N/A       100%        3
 Stone Arrow              Conj/Erth      0%         3d7       100%        3
 Vampiric Draining        Necr           0%         2d6       100%        3
 Animate Armour           Summ/Erth      0%         N/A       100%        4
 Summon Ice Beast         Ice/Summ       0%         N/A       100%        4
 Metabolic Englaciation   Hex/Ice        0%         N/A       100%        5
 Summon Mana Viper        Hex/Summ       0%         N/A       100%        5
 Simulacrum               Ice/Necr       0%         N/A       100%        6
 Monstrous Menagerie      Summ           0%         N/A       100%        7
 Lehudib's Crystal Spear  Conj/Erth      0%         10d2      100%        8


Dungeon Overview and Level Annotations

Branches:
Dungeon (7/15)             Temple (0/1) D:7           Sewer (visited)
 Bailey (1/1)

Altars:
Cheibriados
Hepliaklqana
Makhleb
Xom


Innate Abilities, Weirdness & Mutations

Your life essence is reduced to manifest your ancestor. (-10% HP)
You have a pair of small antennae on your head.
You are mostly covered in molten scales. (AC +3)
You regenerate a little health from kills.
You have sharp toenails.
You expend magic power (3 MP) to strengthen your wands.


Message History

The orc warrior hits you with a +0 spear.
The orc warrior hits you but does no damage.
The orc knight hits you with a +0 bardiche!
You barely miss the orc knight. You claw the orc knight.
The orc knight is moderately wounded.
You closely miss the orc warrior.
Libusa gestures at the orc warrior while chanting.
The orc warrior resists with significant effort.
The orc knight hits you with a +0 bardiche!
You block the orc warrior's attack.
The orc warrior hits Libusa with a +0 spear!
Libusa hits the orc warrior with a +0 dagger of draining!
Unknown command.
Throw: 3 darts (atropa)
Press: ? - help, Shift-Dir - straight line, f - orc knight
Aim: an orc knight, wielding a +0 bardiche and wearing a +0 ring mail (moderately wounded, very poisoned, 58% to hit, chance to blind on hit: 15%)
You throw an atropa-tipped dart.
The atropa-tipped dart hits the orc knight!
The orc knight resists.
The orc knight is moderately wounded.
Libusa hits the orc warrior with a +0 dagger of draining.
The orc warrior dies!
You block the orc knight's attack. The orc warrior barely misses you.
Throw: 2 darts (atropa)
Press: ? - help, Q - select action, (/) - cycle Shift-Dir - straight line, f/p - orc knight
Aim: an orc knight, wielding a +0 bardiche and wearing a +0 ring mail (heavily wounded, very poisoned, ally target, 58% to hit, chance to blind on hit: 15%)
You throw an atropa-tipped dart.
The atropa-tipped dart hits the orc knight.
The orc knight resists.
The orc knight is heavily wounded.
The orc warrior barely misses you. You block the orc knight's attack.
Libusa gestures at the orc knight while chanting.
The orc knight easily resists.
Throw: dart (atropa)
Press: ? - help, Q - select action, (/) - cycle Shift-Dir - straight line, f/p - orc knight
Aim: an orc knight, wielding a +0 bardiche and wearing a +0 ring mail (heavily wounded, very poisoned, ally target, 58% to hit, chance to blind on hit: 15%)
You throw an atropa-tipped dart.
The atropa-tipped dart barely misses the orc knight.
The orc warrior hits you from afar with a +0 glaive!!
You die...

...≈#).)...................)..#≈.
...≈##)∩#≈...............≈#∩.##≈.
...≈≈#)##≈....#######....≈##.#≈≈.
....≈≈.≈≈≈...##....##....≈≈≈.≈≈..
............##.....##............
...........##..#'''##............
...........#..##∩.∩##..##........
..........##.####'####.##........
..........##.')#@R.#.'.##........
..........##.###o8o###.##........
..........##.'.#:.)#)'.##........
..........##.#########.##........
...........#..##)#)##..#.........
...........##..#'#'#..##.........
............##.......##..........
....≈≈.≈≈≈...#########...≈≈≈)≈≈..
...≈≈#.##≈......###......≈##)#≈≈.


You could see the friendly Libusa the hexer, an orc knight (very poisoned, ally
target) and an orc warrior (strong).

Vanquished Creatures
  Grinder (D:6)
  Sigmund (D:2)
  A water moccasin (D:7)
  5 orc warriors (Bailey)
  An ice beast (D:7)
  A black bear (D:4)
  A gnoll sergeant (D:6)
  3 scorpions
  A crimson imp (D:3)
  2 orc priests (D:7)
  A gnoll bouda (D:4)
  3 jellies
  Crazy Yiuf (D:3)
  3 iguanas
  Terence (D:2)
  3 orc wizards
  8 gnolls
  9 adders
  A shadow imp (D:6)
  2 white imps
  3 ufetubi
  7 worms
  4 dart slugs
  20 orcs
  10 ball pythons
  4 bats
  10 endoplasms
  3 giant cockroaches (Sewer)
  7 goblins
  4 hobgoblins
  5 jackals
  7 kobolds
  3 quokkas
  7 frilled lizards
  4 rats
147 creatures vanquished.

Vanquished Creatures (collateral kills)
  Eustachio (D:6)
  3 orc warriors
  An ice beast (D:7)
  An ogre (D:6)
  A centaur (D:7)
  A necrophage (D:7)
  4 wights (D:6)
  A howler monkey (D:7)
  A hound (D:6)
  A jelly (D:6)
  An orc priest (D:7)
  An adder (D:6)
  5 orcs (Bailey)
22 creatures vanquished.

Vanquished Creatures (others)
  An orc priest (D:7)
1 creature vanquished.

Grand Total: 170 creatures vanquished

Notes
Turn   | Place    | Note
-------+----------+-------------------------------------------
     0 | D:1      | Newt the Demonspawn Gladiator began the quest for the Orb.
     0 | D:1      | Reached XP level 1. HP: 16/16 MP: 1/1
    79 | D:1      | Reached skill level 1 in Stealth
   156 | D:1      | Gained mutation: You are partially covered in molten
                  | scales. (AC +2) [demonic ancestry]
   156 | D:1      | Reached XP level 2. HP: 22/22 MP: 2/2
   856 | D:1      | Reached XP level 3. HP: 27/27 MP: 3/3
   870 | D:2      | Noticed Terence
   883 | D:2      | Killed Terence
  1256 | D:2      | Found a faded altar of an unknown god.
  1450 | D:2      | Reached XP level 4. HP: 33/33 MP: 4/4
  1660 | D:2      | Noticed Sigmund
  1681 | D:2      | Killed Sigmund
  1682 | D:2      | Reached XP level 5. HP: 34/42 MP: 5/5
  2140 | D:3      | Found a runed translucent door.
  2141 | D:3      | Noticed Crazy Yiuf
  2363 | D:3      | Found a shimmering altar of Xom.
  2363 | D:3      | Found a burning altar of Makhleb.
  2367 | D:3      | Gained mutation: You have a pair of small antennae on your
                  | head. [demonic ancestry]
  2367 | D:3      | Reached XP level 6. HP: 48/48 MP: 6/6
  2885 | D:3      | Killed Crazy Yiuf
  2936 | D:4      | Gained mutation: You occasionally shout uncontrollably at
                  | your foes. [potion of mutation]
  2936 | D:4      | Gained mutation: You are dopey. (Int -2) [potion of
                  | mutation]
  2936 | D:4      | Gained mutation: You are occasionally teleported next to
                  | monsters. [potion of mutation]
  2937 | D:4      | Lost mutation: You are dopey. (Int -2) [potion of mutation]
  2937 | D:4      | Lost mutation: You occasionally shout uncontrollably at
                  | your foes. [potion of mutation]
  2937 | D:4      | Lost mutation: You are occasionally teleported next to
                  | monsters. [potion of mutation]
  2937 | D:4      | Gained mutation: You have hidden genetic potential. [potion
                  | of mutation]
  3045 | D:4      | Found a glowing drain.
  3151 | Sewer    | Entered a sewer
  3460 | Sewer    | Reached skill level 1 in Axes
  3758 | Sewer    | Found a viscous altar of Jiyva.
  3887 | D:4      | Found a snail-covered altar of Cheibriados.
  4079 | D:4      | Gained mutation: You regenerate a little health from kills.
                  | [demonic ancestry]
  4079 | D:4      | Reached XP level 7. HP: 42/54 MP: 7/7
  4087 | D:4      | Found a hazy altar of Hepliaklqana.
  4095 | D:4      | Became a worshipper of Hepliaklqana the Forgotten
  4284 | D:4      | Gained mutation: You have sharp toenails. [hidden
                  | potential]
  5290 | D:5      | Entered Level 5 of the Dungeon
  5601 | D:5      | Reached * piety under Hepliaklqana
  6490 | D:6      | Gained mutation: You are mostly covered in molten scales.
                  | (AC +3) [demonic ancestry]
  6490 | D:6      | Reached XP level 8. HP: 28/54 MP: 8/8
  6498 | D:6      | Reached skill level 5 in Axes
  6677 | D:6      | Noticed Eustachio
  6691 | D:6      | Killed Eustachio
  6700 | D:6      | Gained mutation: You expend magic power (3 MP) to
                  | strengthen your wands. [hidden potential]
  6700 | D:6      | Lost mutation: You have hidden genetic potential. [hidden
                  | potential expressed]
  6758 | D:6      | Reached skill level 1 in Evocations
  6857 | D:6      | HP: 1/50 [wight/+3 dire flail of freezing (2)]
  7586 | D:6      | Noticed Grinder
  7604 | D:6      | Paralysed by Grinder for 4 turns
  7617 | D:6      | Paralysed by Grinder for 3 turns
  7626 | D:6      | Killed Grinder
  7627 | D:6      | Reached skill level 5 in Fighting
  7824 | D:7      | Reached ** piety under Hepliaklqana
  7851 | D:7      | Remembered your ancestor Libusa as a hexer
  7953 | D:7      | Reached XP level 9. HP: 62/62 MP: 9/9
  7984 | D:7      | Reached skill level 1 in Shields
  8288 | D:7      | Found a staircase to the Ecumenical Temple.
  8350 | D:7      | Found a flagged portal.
  8359 | Bailey   | Entered a bailey
  8564 | Bailey   | Reached skill level 5 in Shields
  8585 | Bailey   | Reached skill level 1 in Armour
  9274 | Bailey   | Acquired the +6 broad axe "Emmeriem" {venom, rElec rN+
                  | Int+3}
  9280 | Bailey   | Noticed an orc knight
  9287 | Bailey   | Mangled by an orc warrior

Illustrated notes

Levels and vault maps discovered:
D:1:      scummos_arrival_gate, layout_loops_ring, hangedman_decor_push,
          minmay_misc_feat_roman
D:2:      layout_loops_ring, shapermc_ecumenical_altar_flowoftime, uniq_sigmund,
          uniq_terence
D:3:      layout_loops_ring, grunt_temple_overflow_champion_of_chaos,
          mainiacjoe_overflow_alcove_1, uniq_crazy_yiuf_cottage
D:4:      layout_basic, lemuel_crystal_altar, nicolae_hepliaklqana_hippocampus,
          cheibrodos_sewer_entry_bend, kennysheep_opposing_triangles
D:5:      layout_basic, hangedman_decor_slide_cut,
          chequers_serial_rivers_small_3, hellmonk_bongcloud_opening
D:6:      layout_layer_cave, grunt_ministairs_9, uniq_grinder, uniq_eustachio
D:7:      layout_gridville, minmay_temple_entry_waves, enter_bailey_6
Bailey:   bailey_polearm_2, bailey

Skill      XL: |  1  2  3  4  5  6  7  8  9 |
---------------+----------------------------+-----
Stealth        | 1 2 |  2.0
Short Blades   | 3 4 |  4.0
Fighting       | 4 6 |  6.0
Throwing       | 2 3 4 |  4.0
Axes           | 2 4 6 |  6.0
Dodging        | 4 |  4.0
Evocations     | 4 |  4.0
Shields        | 5 |  5.0
Armour         | 3 |  3.5

Action                   |  1- 3 |  4- 6 |  7- 9 || total
-------------------------+-------+-------+-------++-------
Melee: Rapier            |    92 |       |       ||    92
       Punch             |     4 |     2 |     2 ||     8
       Dagger            |    43 |   441 |   107 ||   591
       Hand axe          |       |       |   247 ||   247
       Kick              |       |       |    90 ||    90
       Broad axe         |       |       |     2 ||     2
Throw: Dart              |     4 |    15 |    12 ||    31
       Throwing net      |     1 |     2 |     2 ||     5
       Javelin           |       |     1 |     1 ||     2
Invok: Ancestor Life: He |       |       |     1 ||     1
Evoke: Piece from Xom's  |       |       |     1 ||     1
  Use: Scroll            |     6 |     6 |     7 ||    19
       Potion            |       |     3 |     2 ||     5
 Stab: Sleeping          |     4 |     1 |       ||     5
       Held in net/web   |     1 |       |       ||     1
       Invisible         |       |     4 |     4 ||     8
       Distracted        |       |       |     9 ||     9
       Confused          |       |       |     3 ||     3
Armor: Leather armour    |    50 |    33 |       ||    83
       Chain mail        |       |   173 |   185 ||   358
Dodge: Dodged            |    71 |   151 |   167 ||   389
Block: Kite shield       |       |       |    69 ||    69

Table legend: (Time is in decaauts)
 A = Elapsed time spent in this place.
 B = Non-inter-level travel time spent in this place.
 C = Inter-level travel time spent in this place.
 D = Time resting spent in this place.
 E = Time spent auto-exploring this place.
 F = Levels seen in this place.
 G = Mean time per level.
                   A        B        C        D        E       F      G
               +--------+--------+--------+--------+--------+-----+--------+
         Total |   9234 |   8903 |    331 |   1713 |   5131 |   9 | 1026.0 |
       Dungeon |   7640 |   7309 |    331 |    953 |   4802 |   7 | 1091.4 |
         Sewer |    654 |    654 |      0 |     69 |    305 |   1 |  654.0 |
        Bailey |    939 |    939 |      0 |    691 |     24 |   1 |  939.0 |
               +--------+--------+--------+--------+--------+-----+--------+

Top non-repeatable levels by time:
     D:4: 1649 daAuts
     D:6: 1295 daAuts
     D:5: 1193 daAuts
     D:2: 1141 daAuts
  Bailey: 939 daAuts
     D:3: 893 daAuts
     D:1: 874 daAuts
   Sewer: 654 daAuts
     D:7: 592 daAuts
